 Dungeon Sprint DCSS version 0.21.1-1-g345015f (webtiles) character file.

37 Gingerlord the Magician (level 3, 0/20 HPs)
             Began as a Deep Elf Fire Elementalist on July 4, 2018.
             Was an Initiate of Vehumet.
             Slain by a hornet (14 damage)
             ... in the Dungeon (Sprint IX: "|||||||||||||||||||||||||||||").
             The game lasted 00:02:15 (491 turns).

Gingerlord the Magician (Deep Elf Fire Elementalist) Turns: 491, Time: 00:02:16

Health: 0/20       AC:  3    Str:  9    XL:     3   Next: 23%
Magic:  9/11       EV: 14    Int: 22    God:    Vehumet [......]
Gold:   0          SH:  0    Dex: 15    Spells: 7/11 levels left

rFire    . . .     SeeInvis .   n - staff of energy
rCold    . . .     Gourm    .   (no shield)
rNeg     . . .     Faith    .   a - +0 robe
rPois    .         Spirit   .   q - +0 helmet
rElec    .         Reflect  .   (no cloak)
rCorr    .         Harm     .   (no gloves)
MR       .....     NoTele   +   (no boots)
Stlth    ++........             (no amulet)
HPRegen  0.06/turn              o - +3 ring of strength
MPRegen  0.12/turn              p - +3 ring of intelligence

@: slowed, very slow
A: no striking features
a: Renounce Religion


You were in the Dungeon.
You worshipped Vehumet.
Vehumet was noncommittal.
You were not hungry.

You visited 1 branch

Inventory:

Armour
 a - a +0 robe (worn)
 q - a +0 helmet (worn)
Magical Staves
 n - an uncursed staff of energy (weapon)
Jewellery
 o - a +3 ring of strength (left hand)
 p - a +3 ring of intelligence (right hand)
Wands
 m - a wand of iceblast (10)
Scrolls
 i - 2 scrolls of blinking
 k - 3 scrolls of remove curse
 l - 2 scrolls of amnesia
Potions
 d - 5 potions of curing
 e - 3 potions of heal wounds
 f - a potion of haste
 g - 2 potions of magic
 h - a potion of berserk rage
 j - a potion of invisibility
Books
 b - a book of Flames

   Spells                             Type                      Level
   a - Flame Tongue                   Conjuration/Fire             1
   b - Throw Flame                    Conjuration/Fire             2
   c - Conjure Flame                  Conjuration/Fire             3
   d - Inner Flame                    Hexes/Fire                   3
   e - Sticky Flame                   Conjuration/Fire             4
   f - Fireball                       Conjuration/Fire             5
Comestibles
 c - a ration


   Skills:
 + Level 1.4 Fighting
 * Level 4.4 Dodging
 - Level 2.4 Stealth
 * Level 4.9 Spellcasting
 * Level 3.3 Conjurations
 * Level 4.6 Fire Magic


You had 7 spell levels left.
You knew the following spells:

 Your Spells              Type           Power        Failure   Level  Hunger
a - Flame Tongue          Conj/Fire      ###..        1%          1    None
b - Conjure Flame         Conj/Fire      ###.....     6%          3    None


Dungeon Overview and Level Annotations

Branches:
Dungeon (1/1)

Altars:
Cheibriados
Dithmenos
Elyvilon
Fedhas
Gozag
Hepliaklqana
Kikubaaqudgha
Makhleb
Nemelex Xobeh
Okawaru
Qazlal
Ru
Sif Muna
Trog
Uskayaw
Vehumet
Wu Jian
Xom
Yredelemnul
Zin
The Shining One
Beogh
Jiyva
Lugonu


Message History

Casting: Flame Tongue
Confirm with . or Enter, or press ? or * to list all spells.
Aiming: Flame Tongue
Press: ? - help, Shift-Dir - straight line, f - hornet
Aim: a hornet The flame tongue hits the hornet.
The hornet is lightly wounded.
The hornet barely misses you. The hornet misses you.
The iguana hisses menacingly.
Casting: Flame Tongue
Confirm with . or Enter, or press ? or * to list all spells.
Aiming: Flame Tongue
Press: ? - help, Shift-Dir - straight line, f/p - hornet
Aim: a hornet (lightly wounded)
The flame tongue hits the hornet.
The hornet is heavily wounded.
You feel yourself speed up. The hornet stings you.
You feel yourself slow down. The hornet stings you!
Ouch! That really hurt!
You die...

▓.▓
▓h▓
▓Y▓
▓Z▓
▓l▓
▓T▓
▓y▓
▓@▓
▓.▓
▓[▓
▓[▓
▓.▓
▓)▓
▓.▓
▓.▓
▓.▓


You could see a yak, a troll, a hornet, an iguana, a hound and an adder
skeleton.

Vanquished Creatures
  3 adders (D)
  2 leopard geckos (D)
  2 bats (D)
  A hobgoblin (D)
  A kobold (D)
  A frilled lizard (D)
10 creatures vanquished.

Notes
Turn   | Place    | Note
-------+----------+-------------------------------------------
     0 | D        | Gingerlord the Deep Elf Fire Elementalist began the quest for the Orb.
     0 | D        | Reached XP level 1. HP: 10/10 MP: 6/6
   184 | D        | Reached XP level 2. HP: 16/16 MP: 4/8
   186 | D        | Reached skill level 1 in Fighting
   191 | D        | Reached XP level 3. HP: 20/20 MP: 8/11
   414 | D        | Found a roughly hewn altar of Beogh.
   414 | D        | Found a snail-covered altar of Cheibriados.
   414 | D        | Found a shadowy altar of Dithmenos.
   414 | D        | Found a white marble altar of Elyvilon.
   414 | D        | Found a blossoming altar of Fedhas.
   414 | D        | Found an opulent altar of Gozag.
   415 | D        | Found a hazy altar of Hepliaklqana.
   416 | D        | Found a viscous altar of Jiyva.
   417 | D        | Found an ancient bone altar of Kikubaaqudgha.
   418 | D        | Found a corrupted altar of Lugonu.
   419 | D        | Found a burning altar of Makhleb.
   420 | D        | Found a sparkling altar of Nemelex Xobeh.
   421 | D        | Found an iron altar of Okawaru.
   422 | D        | Found a stormy altar of Qazlal.
   423 | D        | Found a sacrificial altar of Ru.
   424 | D        | Found a deep blue altar of Sif Muna.
   425 | D        | Found a bloodstained altar of Trog.
   426 | D        | Found a hide-covered altar of Uskayaw.
   427 | D        | Found a radiant altar of Vehumet.
   428 | D        | Found an ornate altar of the Wu Jian Council.
   429 | D        | Found a shimmering altar of Xom.
   430 | D        | Found a basalt altar of Yredelemnul.
   431 | D        | Found a glowing silver altar of Zin.
   432 | D        | Found a glowing golden altar of the Shining One.
   435 | D        | Became a worshipper of Vehumet
   475 | D        | Learned a level 3 spell: Conjure Flame
   489 | D        | Noticed a yak
   489 | D        | Noticed a troll
   489 | D        | Noticed a hornet
   491 | D        | Slain by a hornet

Skill      XL: |  1  2 |
---------------+-------+-----
Dodging        | 3 4 |  4.4
Conjurations   | 2 3 |  3.3
Fighting       | 1 |  1.4
Spellcasting   | 4 |  4.9
Fire Magic     | 4 |  4.6
Stealth        | |  2.4

Action                   || total
-------------------------++-------
Melee: Unarmed           ||     1
 Cast: Flame Tongue      ||    21
  Use: Potion            ||     2
Armor: Robe              ||     4
Dodge: Dodged            ||    15
